Map: Ultralove

Players

gautgoth

  • Race: Zerg Zerg
  • League: Diamond
  • Spawn Location: 1:00

ManlyManMeat - Winner!

  • Race: Zerg Zerg
  • League: Diamond
  • Spawn Location: 7:00

VOD

Have the link to the VOD?

Description

Time

  • Played on: July 3, 2025, 9:29 a.m.
  • Length: 9:24
Show
View Real Time Build Order
Export as new Build Order

gautgoth Zerg 

Build Orders: Hatch First 

Get SALT Encoding   

  12  0:00  Drone  
  13  0:15  Overlord  
  13  0:16  Drone  
  14  0:33  Drone x2  
  16  0:45  Drone  
  17  0:52  Hatchery  
  16  1:11  Drone, Spawning Pool  
  17  1:13  Drone x2  
  18  1:23  Drone  
  19  1:26  Extractor  
  18  1:40  Drone  
  19  2:00  Queen  
  21  2:01  Drone  
  22  2:12  Queen  
  22  2:15  Overlord  
  24  2:16  Drone x4  
  28  2:27  Metabolic Boost  
  28  2:35  Drone x2  
  30  2:56  Drone x2  
  32  2:59  Zergling x4  
  34  3:12  Drone x2  
  36  3:13  Baneling Nest  
  36  3:15  Zergling x2  
  36  3:16  Overlord  
  36  3:45  Hatchery  
  32  3:51  Drone x6  
  32  3:54  Zergling x4  
  32  3:55  Zergling x2  
  41  4:06  Baneling x3  
  41  4:09  Drone x2  
  43  4:16  Baneling x2  
  43  4:40  Baneling  
  32  5:10  Drone x3  
  32  5:11  Drone x8  
  32  5:12  Drone x3  
  46  5:14  Roach Warren  
  46  5:15  Evolution Chamber  
  44  5:22  Extractor  
  44  5:27  Zergling x6  
  46  5:33  Zergling x2  
  46  5:34  Zergling x2  
  46  5:35  Zergling x2  
  49  5:38  Extractor  
  49  5:40  Zergling x2  
  33  5:59  Drone x7  
  36  6:09  Zergling x6  
  39  6:16  Baneling x2  
  40  6:18  Drone x3  
  40  6:20  Queen x2  
  46  6:29  Baneling x2  
  46  6:37  Spine Crawler  
  43  6:51  Baneling x2  
  43  6:54  Extractor  
  43  6:55  Drone x2  
  44  7:09  Overlord  
  44  7:10  Overlord  
  28  7:37  Drone  
  28  7:38  Drone x10  
  39  7:51  Zergling x8  
  41  8:10  Baneling x4  
  41  8:14  Spine Crawler  
  40  8:25  Baneling x2  
  40  8:26  Zergling x10  
  45  8:38  Zergling x6  
  45  8:40  Baneling x2  
  46  8:59  Evolution Chamber  
Show
View Real Time Build Order
Export as new Build Order

ManlyManMeat Zerg - Winner!

Build Orders: Hatch First, Zergling Baneling 

Get SALT Encoding   

  12  0:00  Drone  
  13  0:08  Drone  
  13  0:14  Extractor  
  13  0:15  Drone  
  15  0:21  Overlord  
  15  0:41  Drone  
  16  0:49  Drone  
  17  0:51  Hatchery  
  17  0:53  Drone  
  17  0:57  Drone  
  18  1:07  Extractor  
  17  1:12  Spawning Pool  
  17  1:17  Drone  
  17  1:19  Drone  
  18  1:26  Drone  
  19  1:37  Drone  
  20  1:59  Queen  
  22  2:03  Queen  
  22  2:04  Zergling x2  
  22  2:05  Zergling x2  
  22  2:06  Overlord  
  26  2:18  Drone x2  
  28  2:23  Metabolic Boost  
  28  2:29  Drone x2  
  30  2:30  Baneling Nest  
  29  2:41  Queen  
  29  2:43  Zergling x2  
  32  2:44  Zergling x2  
  33  2:55  Drone  
  34  3:00  Overlord  
  34  3:02  Overlord  
  34  3:13  Drone  
  34  3:14  Drone  
  34  3:17  Baneling x4  
  36  3:25  Hatchery  
  34  3:48  Zergling x6  
  34  3:49  Zergling x14  
  42  3:58  Zergling x4  
  44  4:06  Baneling x3  
  44  4:12  Baneling x3  
  44  4:13  Baneling  
  44  4:37  Zergling x6  
  44  4:38  Zergling x16  
  46  4:48  Zergling x2  
  44  5:00  Zergling x6  
  40  5:13  Baneling  
  40  5:14  Baneling x5  
  40  5:15  Baneling  
  40  5:16  Zergling x4  
  42  5:33  Zergling x14  
  43  5:58  Zergling x2  
  43  5:59  Zergling x12  
  46  6:06  Zergling x14  
  46  6:08  Baneling x2  
  46  6:10  Baneling x3  
  53  6:26  Drone x2  
  53  6:27  Drone  
  53  6:28  Drone x2  
  58  6:41  Roach Warren, Extractor  
  55  6:47  Baneling x4  
  55  6:48  Extractor  
  55  6:50  Extractor  
  52  7:05  Drone x3  
  52  7:07  Drone x2  
  52  7:08  Drone  
  58  7:09  Overlord x3  
  58  7:10  Overlord  
  45  7:38  Baneling x4  
  45  7:41  Roach x3  
  45  7:42  Zergling x24  
  45  7:43  Zergling x2  
  45  7:44  Zergling x2  
  62  8:07  Roach x6  
  74  8:15  Baneling x6  
  74  8:28  Roach x5  
  82  8:55  Roach  
  82  8:56  Roach x3  
Tags
 
Matchup
ZvZ
Race
Zerg
Replay Pack
Myownreplay2
Spawn Locations
Cross Positions
Add a new tag
Caveats
  • Supply blocks, unpowered buildings, or Contaminate may cause inaccurate times.
  • Supply counts are checked every 10 seconds.